 Dungeon Crawl Stone Soup version 0.29-a0-878-g7b45a56547 (webtiles) character file.

Game seed: 18132295007814252494

5082 kevlar127 the Grappler (level 10, -19/106 HPs)
             Began as a Troll Berserker on July 19, 2022.
             Was a High Priest of Trog.
             Demolished by kevlar127's ghost (25 damage)
             ... on level 8 of the Dungeon.
             The game lasted 00:13:26 (7620 turns).

kevlar127 the Grappler (Troll Berserker)            Turns: 7620, Time: 00:13:26

Health: -19/106    AC:  4    Str: 31    XL:     10   Next: 31%
Magic:  9/9        EV: 10    Int:  3    God:    Trog [*****.]
Gold:   595        SH:  0    Dex:  9    Spells: 9/9 levels left

rFire   + . .      SeeInvis .     - Unarmed
rCold   + . .      Faith    .   (no shield)
rNeg    . . .      Spirit   .   a - +0 animal skin
rPois   .          Reflect  .   (helmet restricted)
rElec   .          Harm     .   F - scarf {rC+ rF+}
rCorr   .          Rampage  .   (gloves unavailable)
Will    +....                   (boots unavailable)
Stlth   +.........              (no amulet)
HPRegen 1.07/turn               u - ring of willpower
MPRegen 0.11/turn               (no ring)

@: on berserk cooldown, slowed, very slow
A: large, unfitting armour, claws 3, regeneration 1, shaggy fur 1, tough skin 1
a: Renounce Religion, Berserk, Trog's Hand, Brothers in Arms


You were on level 8 of the Dungeon.
You worshipped Trog.
Trog was extremely pleased with you.
You visited 1 branch of the dungeon, and saw 8 of its levels.
You also visited: Ossuary.

You collected 595 gold pieces.

Inventory:

Missiles
 f - 67 stones
 t - 17 poisoned darts
 B - 2 javelins
 G - 3 boomerangs (quivered)
Armour
 a - a +0 animal skin (worn)
 F - a scarf of resistance (worn)
Jewellery
 r - a ring of ice
 u - a ring of willpower (left claw)
 x - a ring of ice
Wands
 i - a wand of iceblast (20)
 y - a wand of flame (18)
Scrolls
 b - a scroll of enchant weapon {unknown}
 c - 12 scrolls of identify {unknown}
 d - 4 scrolls of teleportation {unknown}
 g - 3 scrolls of fear {unknown}
 h - a scroll of noise {unknown}
 j - 2 scrolls of vulnerability {unknown}
 l - 4 scrolls of amnesia {unknown}
 m - 2 scrolls of enchant armour {unknown}
 n - 4 scrolls of blinking {unknown}
 q - a scroll of brand weapon {unknown}
 C - a scroll of fog {unknown}
 D - a scroll of summoning {unknown}
Potions
 e - 2 potions of resistance {unknown}
 k - 2 potions of haste {unknown}
 o - a potion of magic {unknown}
 p - 3 potions of flight {unknown}
 s - 3 potions of curing {unknown}
 v - a potion of heal wounds {unknown}
 w - 3 potions of lignification {unknown}
 z - 2 potions of degeneration {unknown}
 A - a potion of invisibility {unknown}
 E - 2 potions of might {unknown}


   Skills:
 + Level 8.7 Fighting
 + Level 4.6 Throwing
 + Level 1.8 Armour
 - Level 3.0 Dodging
 + Level 10.4 Unarmed Combat


You had 9 spell levels left.
You didn't know any spells.
Your spell library was empty.

Dungeon Overview and Level Annotations

Branches:
Dungeon (8/15)             Temple (0/1) D:6         Ossuary (visited)
   Lair: D:8-11

Altars:
Ashenzari
Cheibriados
Dithmenos
Fedhas
Hepliaklqana
Kikubaaqudgha
Okawaru
Qazlal
Ru
Sif Muna
Yredelemnul

Annotations:
D:8 kevlar127's ghost, novice TrBe


Innate Abilities, Weirdness & Mutations

You are too large for most types of armour.
You have claws for hands.
Your natural rate of healing is unusually fast.
You are covered in fur. (AC +1)
You have tough skin. (AC +1)


Message History

Could not explore, unopened runed door.
Could not explore, unopened runed door.
Could not explore, unopened runed door.
Could not explore, unopened runed door.
Could not explore, unopened runed door.
Throw: 3 boomerangs
Press: ? - help, Q - select action, (/) - cycle Shift-Dir - straight line, f - you
Okay, then.
A red film seems to cover your vision as you go berserk!
You feel yourself moving faster!
You feel mighty!
The gate flies open with a bang!
You feel a strong urge to attack something.
Kevlar127's ghost hits you.
There is an open translucent gate, spattered with blood here.
You barely miss kevlar127's ghost. Kevlar127's ghost hits you!
You claw kevlar127's ghost!
Kevlar127's ghost is lightly damaged.
You mangle kevlar127's ghost!!
Kevlar127's ghost is heavily damaged.
You barely miss kevlar127's ghost.
Kevlar127's ghost is heavily damaged.
You are no longer berserk.
You are exhausted.
You feel yourself slow down. Kevlar127's ghost hits you!
You scratch kevlar127's ghost.
Kevlar127's ghost is heavily damaged.
Kevlar127's ghost hits you!!
You scratch kevlar127's ghost.
Kevlar127's ghost is heavily damaged.
Kevlar127's ghost hits you!! x2
* * * LOW HITPOINT WARNING * * *
You claw kevlar127's ghost! Your claw misses kevlar127's ghost.
Kevlar127's ghost is severely damaged.
Kevlar127's ghost hits you!!
* * * LOW HITPOINT WARNING * * *
Unknown command.
You mangle kevlar127's ghost!!
Kevlar127's ghost is almost destroyed.
Kevlar127's ghost hits you!!
You die...

#............## ##..#
##.##.......## #...#
####..########## #...##
.....## ##### #....##
......# ##...## #.....#
#####.## #.._..# #....>##
#..## ###...####......#
##..## #.......##......#
#...## #.#@''#.##.<....#
#....####.#W..#.##......#
#....#.'..#$))#..'......#
#
#....#.############.#...#
##
##.#...###########..##.##
#.
####..#........##..#####
#.
##.#.........#......###.
#..[........#..........
##.........#..#########


You could see kevlar127's ghost.

Vanquished Creatures
  Pikel (D:7)
  A wyvern (D:7)
  5 yaks (D:8)
  2 steam dragons
  2 water moccasins
  2 orc warriors
  2 ice beasts
  A sky beast (D:8)
  A centaur (D:6)
  4 phantoms
  An elf zombie (Ossuary)
  5 bullfrogs
  3 necrophages
  2 gnoll sergeants
  A scorpion (D:7)
  12 wights
  4 hounds
  7 jellies
  4 orc priests
  Jessica (D:2)
  5 iguanas
  An orc wizard (D:3)
  A killer bee zombie (D:8)
  6 hound zombies (Ossuary)
  3 mummies (Ossuary)
  A howler monkey zombie (D:8)
  7 gnolls
  8 adders
  3 white imps
  2 ufetubi
  2 adder zombies (Ossuary)
  4 worms
  5 dart slugs
  13 orcs
  3 bats
  3 endoplasms
  3 giant cockroaches
  2 gnoll zombies (Ossuary)
  11 goblins
  6 hobgoblins
  3 jackals (D:3)
  7 quokkas
  7 ball pythons
  3 frilled lizards (D:2)
  A goblin zombie (D:6)
  3 hobgoblin zombies (Ossuary)
  4 jackal zombies (Ossuary)
  5 kobolds
  A kobold zombie (Ossuary)
  An orc zombie (Ossuary)
  9 quokka zombies (Ossuary)
  8 rats
  4 rat zombies (Ossuary)
206 creatures vanquished.

Vanquished Creatures (others)
  5 fungi (D:4)
  3 toadstools (D:4)
8 creatures vanquished.

Grand Total: 214 creatures vanquished

Notes
Turn   | Place    | Note
-------+----------+-------------------------------------------
     0 | D:1      | kevlar127 the Troll Berserker began the quest for the Orb.
     0 | D:1      | Reached XP level 1. HP: 22/22 MP: 0/0
    85 | D:1      | Reached XP level 2. HP: 29/29 MP: 1/1
   495 | D:1      | Found a faded altar of an unknown god.
   510 | D:1      | Reached XP level 3. HP: 36/36 MP: 2/2
   964 | D:2      | Reached ** piety under Trog
  1021 | D:2      | Noticed Jessica
  1026 | D:2      | Killed Jessica
  1037 | D:2      | Reached XP level 4. HP: 45/45 MP: 3/3
  1214 | D:2      | Reached skill level 4 in Unarmed Combat
  1497 | D:2      | Identified the +3 ring mail of a sewer {Fly rElec Str-4
                  | Int+6}
  1867 | D:3      | Reached XP level 5. HP: 24/53 MP: 4/4
  1934 | D:3      | You fall into a shaft and drop 1 floor!
  2024 | D:4      | Reached *** piety under Trog
  2901 | D:4      | Noticed a phantom
  2908 | D:4      | Killed a phantom
  2909 | D:4      | Reached skill level 5 in Unarmed Combat
  2909 | D:4      | Reached XP level 6. HP: 55/62 MP: 5/5
  3392 | D:5      | Entered Level 5 of the Dungeon
  3411 | D:5      | Reached XP level 7. HP: 55/71 MP: 6/6
  3417 | D:5      | Reached skill level 5 in Fighting
  3417 | D:5      | Reached skill level 6 in Unarmed Combat
  3498 | D:5      | Found a broken altar of Ashenzari.
  3556 | D:5      | Found a sacrificial altar of Ru.
  3556 | D:5      | Found a stormy altar of Qazlal.
  3559 | D:5      | Found an ancient bone altar of Kikubaaqudgha.
  3560 | D:5      | Found a shimmering blue altar of Sif Muna.
  3572 | D:5      | Found an iron altar of Okawaru.
  3572 | D:5      | Found a hazy altar of Hepliaklqana.
  3573 | D:5      | Found a snail-covered altar of Cheibriados.
  3968 | D:5      | Identified the +7 spear of Popular Demand {drain, MP-9
                  | Str+3 Dex+10}
  4046 | D:5      | Found a blossoming altar of Fedhas.
  4170 | D:6      | Found a shadowy altar of Dithmenos.
  4317 | D:6      | Identified the +2 pair of gloves of Mueclygo {Slay+6}
  4342 | D:6      | Found a staircase to the Ecumenical Temple.
  4350 | D:6      | Reached skill level 7 in Unarmed Combat
  4350 | D:6      | Reached XP level 8. HP: 78/83 MP: 7/7
  4755 | D:6      | Found a sand-covered staircase.
  4767 | Ossuary  | Entered an ossuary
  4807 | Ossuary  | Reached **** piety under Trog
  4922 | Ossuary  | Reached skill level 8 in Unarmed Combat
  5464 | D:7      | Reached XP level 9. HP: 87/93 MP: 8/8
  5595 | D:7      | Reached skill level 9 in Unarmed Combat
  5640 | D:7      | Noticed Pikel
  5647 | D:7      | Killed Pikel
  5987 | D:7      | Reached ***** piety under Trog
  6347 | D:8      | Reached skill level 10 in Unarmed Combat
  6352 | D:8      | Reached XP level 10. HP: 82/106 MP: 9/9
  6840 | D:8      | Reached skill level 1 in Armour
  6874 | D:8      | Identified the +6 great sword of Lawny {vorpal, rCorr Int-4
                  | Dex+4}
  7217 | D:8      | Found a runed translucent gate.
  7217 | D:8      | Found a runed translucent gate.
  7217 | D:8      | Found a runed translucent gate.
  7217 | D:8      | Noticed kevlar127's ghost (novice TrBe)
  7219 | D:8      | Found a basalt altar of Yredelemnul.
  7619 | D:8      | HP: 4/106 [kevlar127's ghost (23)]
  7620 | D:8      | Demolished by kevlar127's ghost

Illustrated notes

Levels and vault maps discovered:
D:1:      minmay_arrival_hallway, layout_basic,
          ebering_ecumenical_altar_petrified, minmay_misc_feat_rugged, hex_tiny
D:2:      minmay_wonky_spiral, layout_basic, minmay_misc_feat_rows,
          minmay_heptomino_d4, uniq_jessica
D:3:      layout_loops_ring
D:4:      nicolae_cairo_tiling_very_big, layout_basic,
          hangedman_decor_diamond_cutter, minivault_4, minmay_gold_behind_fungi
D:5:      layout_cave_pools, nicolae_overflow_crystal_walls,
          mainiacjoe_overflow_six_doors_small, grunt_temple_overflow_open,
          grunt_decor_resistance
D:6:      layout_loops_cross, grunt_dithmenos_smoke, minmay_temple_entry_mist,
          enter_ossuary_4
D:7:      layout_rooms, uniq_pikel
D:8:      layout_cave_pods, nicolae_yredelemnul_ghost_church,
          hangedman_decor_peaks_small, st_stairs_9

Skill      XL: |  1  2  3  4  5  6  7  8  9 10 |
---------------+-------------------------------+-----
Fighting       | 3 4 5 7 8 |  8.7
Dodging        | 3 |  3.0
Unarmed Combat | 4 5 7 8 10 | 10.4
Throwing       | 4 |  4.6
Armour         | 1 |  1.8

Action                   |  1- 3 |  4- 6 |  7- 9 | 10-12 || total
-------------------------+-------+-------+-------+-------++-------
Melee: Unarmed           |    67 |   202 |   261 |    76 ||   606
       Punch             |     3 |     3 |    10 |     4 ||    20
Throw: Boomerang         |       |       |     9 |     4 ||    13
Invok: Berserk           |       |       |     1 |     2 ||     3
       Trog's Hand       |       |       |     1 |       ||     1
 Stab: Sleeping          |     1 |       |     2 |       ||     3
Armor: Animal skin       |    16 |    50 |    47 |     6 ||   119
Dodge: Dodged            |    31 |    85 |    84 |    18 ||   218

Table legend: (Time is in decaauts)
 A = Elapsed time spent in this place.
 B = Non-inter-level travel time spent in this place.
 C = Inter-level travel time spent in this place.
 D = Time resting spent in this place.
 E = Time spent auto-exploring this place.
 F = Levels seen in this place.
 G = Mean time per level.
                   A        B        C        D        E       F      G
               +--------+--------+--------+--------+--------+-----+--------+
         Total |   7576 |   7330 |    246 |    887 |   5261 |   9 |  841.8 |
       Dungeon |   7270 |   7024 |    246 |    887 |   5072 |   8 |  908.8 |
       Ossuary |    306 |    306 |      0 |      0 |    189 |   1 |  306.0 |
               +--------+--------+--------+--------+--------+-----+--------+

Top non-repeatable levels by time:
     D:8: 1261 daAuts
     D:7: 965 daAuts
     D:4: 953 daAuts
     D:1: 935 daAuts
     D:6: 885 daAuts
     D:5: 780 daAuts
     D:2: 765 daAuts
     D:3: 724 daAuts
 Ossuary: 306 daAuts
